 Dungeon Crawl Stone Soup version 0.29-a0-243-g602b31c20e (webtiles) character file.

Game seed: 1794926431188566574

89 sammy202020 the Skirmisher (level 4, -12/36 HPs)
             Began as a Demonspawn Berserker on Mar 5, 2022.
             Was a Follower of Trog.
             Killed by nerve-wracking pain
             ... invoked by an orc priest
              (14 damage)
             ... on level 2 of the Dungeon.
             The game lasted 00:03:54 (1990 turns).

sammy202020 the Skirmisher (Demonspawn Berserker)   Turns: 1990, Time: 00:03:55

Health: -12/36     AC: 12    Str: 20    XL:     4   Next: 31%
Magic:  4/4        EV:  6    Int:  8    God:    Trog [*.....]
Gold:   95         SH:  0    Dex: 12    Spells: 3/3 levels left

rFire   . . .      SeeInvis .   a - +0 mace
rCold   . . .      Faith    .   (no shield)
rNeg    . . .      Spirit   .   i - +0 plate armour
rPois   .          Reflect  .   d - +1 hat
rElec   .          Harm     .   (no cloak)
rCorr   .          Rampage  .   (no gloves)
Will    .....                   (no boots)
Stlth   ..........              (no amulet)
HPRegen 0.12/turn               (no ring)
MPRegen 0.09/turn               (no ring)

@: mighty, on berserk cooldown, slowed, very slow
A: powered by pain 1
a: Renounce Religion, Berserk


You were on level 2 of the Dungeon.
You worshipped Trog.
Trog was aware of your devotion.
You visited 1 branch of the dungeon, and saw 2 of its levels.

You collected 95 gold pieces.

Inventory:

Hand Weapons
 a - a +0 mace (weapon)
Armour
 c - a scarf of invisibility
 d - a +1 hat (worn)
 i - a +0 plate armour (worn)
Scrolls
 b - a scroll of teleportation {unknown}
Potions
 e - a potion of curing
 f - a potion of lignification {unknown}
 h - 2 potions of heal wounds {unknown}


   Skills:
 + Level 3.6 Fighting
 + Level 3.3 Maces & Flails
 + Level 2.5 Armour
 + Level 2.5 Dodging


You had 3 spell levels left.
You didn't know any spells.
Your spell library was empty.

Dungeon Overview and Level Annotations

Branches:
Dungeon (2/15)

Altars:


Innate Abilities, Weirdness & Mutations

You sometimes gain a little power by taking damage.


Message History

You barely miss the orc. The orc hits you but does no damage.
You barely miss the orc. The orc hits you but does no damage.
You bludgeon the orc!!
You kill the orc!
Trog accepts your kill.
You sock the orc!
You kill the orc!
Trog accepts your kill.
The orc priest invokes the aid of Beogh against you.
Beogh smites you!
* * * LOW HITPOINT WARNING * * *
Found a stone staircase leading down.
Items here: )))) [ ††††.
You closely miss the kobold. The kobold hits you with a +3 dagger.
* * * LOW HITPOINT WARNING * * *
You hit the kobold.
The kobold is moderately wounded.
The kobold hits you but does no damage.
You closely miss the kobold.
The kobold is moderately wounded.
The kobold barely misses you.
You thump the kobold!
You kill the kobold!
Trog accepts your kill.
The orc priest calls down the wrath of Beogh upon you.
You barely resist.
You are no longer berserk.
You are exhausted.
You feel yourself slow down.
The orc priest hits you but does no damage.
Things that are here:
a +3 dagger; 4 stones You sock the orc priest!
The orc priest is severely wounded.
The orc priest closely misses you. x2
You completely miss the orc priest.
The orc priest is severely wounded.
The orc priest calls down the wrath of Beogh upon you.
Pain shoots through your body!
You die...

##### ....#
....####################*********
....'..........)@o....>.,,,,,,,,,
....#############.##.#.#********,
......# *.#*,*,,,,,*****,
#.....####* *..,,,,,**,*,,,,,
#.....#...# *###*###,**,**,*,****
#.....#...# *..,*,,,,,,,,,,,,*
#.....#...###.#.#.#.....#,****
......#.......#,........#,*
......#.......+,,..^....#.#


You could see an orc priest.

Vanquished Creatures
  3 adders (D:2)
  A worm (D:2)
  5 dart slugs
  4 orcs (D:2)
  5 bats (D:1)
  A giant cockroach (D:1)
  6 goblins
  6 hobgoblins
  3 quokkas
  2 ball pythons (D:1)
  2 frilled lizards
  A kobold (D:2)
  3 rats
42 creatures vanquished.

Notes
Turn   | Place    | Note
-------+----------+-------------------------------------------
     0 | D:1      | sammy202020 the Demonspawn Berserker began the quest for
                  | the Orb.
     0 | D:1      | Reached XP level 1. HP: 18/18 MP: 1/1
   275 | D:1      | Gained mutation: You sometimes gain a little power by
                  | taking damage. [demonic ancestry]
   275 | D:1      | Reached XP level 2. HP: 13/24 MP: 2/2
   690 | D:1      | Found a faded altar of an unknown god.
   738 | D:1      | Reached XP level 3. HP: 29/29 MP: 3/3
  1776 | D:2      | Reached XP level 4. HP: 35/35 MP: 4/4
  1984 | D:2      | HP: 1/54 [kobold/+3 dagger (3)]
  1990 | D:2      | Killed from afar by an orc priest

Illustrated notes

Levels and vault maps discovered:
D:1:      psy_arrival_statuary, layout_rooms,
          dreamdust_ecumenical_altar_statues, dreamdust_mushroom_princess,
          hex_large
D:2:      layout_basic, wad_floor_pattern_untrapped

Skill      XL: |  1  2 |
---------------+-------+-----
Armour         | 2 |  2.5
Dodging        | 2 |  2.5
Maces & Flails | 3 |  3.3
Fighting       | |  3.6

Action                   |  1- 3 |  4- 6 || total
-------------------------+-------+-------++-------
Melee: Mace              |   150 |    21 ||   171
Invok: Berserk           |     2 |     1 ||     3
  Use: Scroll            |     2 |       ||     2
Armor: Animal skin       |    48 |       ||    48
       Ring mail         |    12 |       ||    12
       Plate armour      |       |     9 ||     9
Dodge: Dodged            |   135 |     9 ||   144

Table legend: (Time is in decaauts)
 A = Elapsed time spent in this place.
 B = Non-inter-level travel time spent in this place.
 C = Inter-level travel time spent in this place.
 D = Time resting spent in this place.
 E = Time spent auto-exploring this place.
 F = Levels seen in this place.
 G = Mean time per level.
                   A        B        C        D        E       F      G
               +--------+--------+--------+--------+--------+-----+--------+
         Total |   2040 |   2022 |     18 |    250 |   1299 |   2 | 1020.0 |
       Dungeon |   2040 |   2022 |     18 |    250 |   1299 |   2 | 1020.0 |
               +--------+--------+--------+--------+--------+-----+--------+

Top non-repeatable levels by time:
     D:2: 1085 daAuts
     D:1: 955 daAuts
